 Dungeon Crawl Stone Soup version 0.29-a0-8-g0446c0dae4 (webtiles) character file.

Game seed: 10885775428229408238

51 testman the Stinger (level 3, -1/21 HPs)
             Began as an Octopode Venom Mage on Jan 27, 2022.
             Succumbed to a goblin's poison
             ... on level 2 of the Dungeon.
             The game lasted 00:09:38 (1923 turns).

testman the Stinger (Octopode Venom Mage)           Turns: 1923, Time: 00:09:38

Health: -1/21      AC:  1    Str:  7    XL:     3   Next: 81%
Magic:  6/6        EV: 13    Int: 19    God:
Gold:   15         SH:  0    Dex: 12    Spells: 4/7 levels left

rFire   . . .      SeeInvis .   e - +0 short sword
rCold   . . .      Faith    .   (no shield)
rNeg    . . .      Spirit   .   (helmet restricted)
rPois   .          Reflect  .   (no amulet)
rElec   .          Harm     .   j - ring of flight
rCorr   .          Rampage  .   (no ring)
Will    .....                   (no ring)
Stlth   +++.......              (no ring)
HPRegen 0.07/turn               (no ring)
MPRegen 0.10/turn               (no ring)
                                (no ring)
                                (no ring)

@: lethally poisoned (-1 -> -15), flying, hasted, very quick
A: almost no armour, amphibious, 8 rings, camouflage 1, gelatinous body 1,
(nimble swimmer 1), tentacles
a: no special abilities


You were on level 2 of the Dungeon.
You visited 1 branch of the dungeon, and saw 3 of its levels.

You collected 15 gold pieces.

Inventory:

Hand Weapons
 e - a +0 short sword (weapon)
 i - a +3 hunting sling
Missiles
 c - 54 stones
Jewellery
 j - a ring of flight (left tentacle)
Scrolls
 b - a scroll of fog {unknown}
 d - 3 scrolls of amnesia {unknown}
 f - 3 scrolls of identify {unknown}
 h - 3 scrolls of fear {unknown}
 k - a scroll of enchant armour {unknown}
Potions
 a - a potion of invisibility {unknown}
 g - a potion of haste
 l - 2 potions of attraction {unknown}


   Skills:
 - Level 2.0 Dodging
 - Level 2.7 Stealth
 - Level 2.5 Spellcasting
 - Level 2.0 Transmutations
 + Level 1.0 Air Magic
 - Level 4.2 Poison Magic


You had 4 spell levels left.
You knew the following spells:

 Your Spells              Type           Power      Damage    Failure   Level
a - Sting                 Tmut/Pois      56%        1d5       4%          1
b - Poisonous Vapours     Pois/Air       24%        N/A       9%          2

Your spell library contained the following spells:

 Spells                   Type           Power      Damage    Failure   Level
 Mephitic Cloud           Conj/Pois/Air  9%         N/A       24%         3
 Olgreb's Toxic Radiance  Pois           18%        N/A       28%         4


Dungeon Overview and Level Annotations

Branches:
Dungeon (3/15)

Altars:

Annotations:
D:3 Robin


Innate Abilities, Weirdness & Mutations

You cannot wear most types of armour.
You are amphibious.
You can wear up to eight rings at the same time.
Your skin changes colour to match your surroundings (Stealth+).
Your rubbery body absorbs attacks. (AC +1, EV +1)
((You are camouflaged when in or above water. (Stealth+)))
You have tentacles for arms and can constrict up to eight enemies at once.


Message History

Found two stone staircases leading down and a stone staircase leading up.
There is a stone staircase leading up here.
A dart slug is nearby! 2 goblins come into view.
A goblin is wielding a +1 dagger of venom.
Robin, 2 goblins and a hobgoblin come into view.
Robin is wielding a +0 dagger and wearing the +2 helmet of Negligence {rN+ Regen+ Slay+5}. 2 goblins come into view.
The helpless hobgoblin fails to defend itself.
You hit the hobgoblin. Your grab misses the hobgoblin.
The hobgoblin is severely wounded.
The goblin shouts! x2; You hear a shout!
The hobgoblin hits you.
Robin shouts!
The goblin shouts!
You hear a shout!
A goblin comes into view. It is wielding a +0 dagger.
You barely miss the hobgoblin. You grab the hobgoblin.
The hobgoblin is severely wounded.
You constrict the hobgoblin, but do no damage.
The hobgoblin barely misses you.
You hit the hobgoblin.
You kill the hobgoblin!
The dart slug launches a dart at you. The slug dart misses you.
A goblin comes into view. It is wielding a +0 dagger.
There is a stone staircase leading up here.
The goblin hits you with a +1 dagger of venom.
You are poisoned.
You fly upwards.
You feel very sick.
There is a stone staircase leading down here.
You closely miss the goblin. Your grab misses the goblin.
You feel sick.
The goblin hits you with a +1 dagger of venom.
You are lethally poisoned!
You hit the goblin.
You kill the goblin!
* * * LOW HITPOINT WARNING * * *
You feel very sick.
Your Air Magic skill increases to level 1!
It was a potion of haste.
You feel yourself speed up.
You die...

##### #########...#### ####
#........).[...# ##...
####........@...#.#######....
#....########............###.
#.##.#....###...........## #.
####.##.#.##...............#
##
#.......#.######.......###.##
## #.##.####.######.##.##.#
##.###.
#.#...........##.##.##.#
##....
#.#..###.........##.##.#
####. #.#..#
##.###.##.##.##.# ##


There were no monsters in sight!

Vanquished Creatures
  A gnoll (D:1)
  3 dart slugs (D:1)
  5 endoplasms (D:1)
  A giant cockroach (D:2)
  2 hobgoblins
  6 kobolds
  2 quokkas (D:1)
  5 ball pythons
  A bat (D:1)
  A frilled lizard (D:2)
  5 goblins
32 creatures vanquished.

Notes
Turn   | Place    | Note
-------+----------+-------------------------------------------
     0 | D:1      | testman the Octopode Venom Mage began the quest for the
                  | Orb.
     0 | D:1      | Reached XP level 1. HP: 11/11 MP: 3/3
   436 | D:1      | Found a faded altar of an unknown god.
   508 | D:1      | Reached XP level 2. HP: 17/17 MP: 5/5
   649 | D:1      | Reached skill level 4 in Poison Magic
   649 | D:1      | Reached XP level 3. HP: 19/21 MP: 4/6
  1164 | D:1      | Learned a level 2 spell: Poisonous Vapours
  1904 | D:3      | Identified the +2 helmet of Negligence {rN+ Regen+ Slay+5}
  1904 | D:3      | Noticed Robin
  1923 | D:2      | Reached skill level 1 in Air Magic
  1923 | D:2      | Succumbed to a goblin's poison

Illustrated notes

Levels and vault maps discovered:
D:1:      psy_arrival_conway, layout_rooms,
          ebering_ecumenical_altar_sacrificial, minmay_misc_feat_iff
D:2:      layout_loops_ring
D:3:      layout_rooms, uniq_ijyb, uniq_robin

Skill      XL: |  1  2  3 |
---------------+----------+-----
Poison Magic   | 4 |  4.2
Transmutations | 2 |  2.0
Air Magic      | 1 |  1.0
Dodging        | |  2.0
Stealth        | |  2.7
Spellcasting   | |  2.5

Action                   || total
-------------------------++-------
Melee: Short sword       ||    50
       Constrict         ||    11
       Unarmed           ||     2
       Tentacles         ||     4
       Punch             ||     1
 Cast: Sting             ||    23
  Use: Potion            ||     1
 Stab: Sleeping          ||    10
Armor: Skin              ||     1
Dodge: Dodged            ||    32

Table legend: (Time is in decaauts)
 A = Elapsed time spent in this place.
 B = Non-inter-level travel time spent in this place.
 C = Inter-level travel time spent in this place.
 D = Time resting spent in this place.
 E = Time spent auto-exploring this place.
 F = Levels seen in this place.
 G = Mean time per level.
                   A        B        C        D        E       F      G
               +--------+--------+--------+--------+--------+-----+--------+
         Total |   1927 |   1898 |     29 |    530 |    974 |   3 |  642.3 |
       Dungeon |   1927 |   1898 |     29 |    530 |    974 |   3 |  642.3 |
               +--------+--------+--------+--------+--------+-----+--------+

Top non-repeatable levels by time:
     D:1: 1335 daAuts
     D:2: 566 daAuts
     D:3: 25 daAuts
